 Dungeon Crawl Stone Soup version 0.31-a0-931-g7b59d4eb97 (webtiles) character file.

Game seed: 15511770303929533096

1847 scionoferis the Cleaver (level 8, -6/77 HPs)
             Began as a Minotaur Chaos Knight on Oct 20, 2023.
             Was a Plaything of Xom.
             Killed by divine providence
             ... invoked by Jeremiah
              (11 damage)
             ... on level 7 of the Dungeon.
             The game lasted 00:15:25 (5823 turns).

scionoferis the Cleaver (Minotaur Chaos Knight)     Turns: 5823, Time: 00:15:28

Health: -6/77      AC:  8    Str: 16 (18) XL:     8   Next: 88%
Magic:  7/7        EV: 12    Int:  7 (9)  God:    Xom [....*.]
Gold:   338        SH:  0    Dex: 15 (16) Spells: 7/7 levels left

rFire   . . .        b - +2 executioner's axe (chaos)
rCold   . . .        (shield currently unavailable)
rNeg    . . .        B - +0 steam dragon scales
rPois   .            (helmet restricted)
rElec   .            (no cloak)
rCorr   .            x - +2 pair of gloves "Hiuh" {Dex+5}
SInv    .            (no boots)
Will    .....        (no amulet)
Stlth   +            (no ring)
HPRegen 0.32/turn    (no ring)
MPRegen 0.10/turn

%: no passive effects
@: cleaving, attractive
A: horns 2, retaliatory headbutt
a: Renounce Religion


You were on level 7 of the Dungeon.
You worshipped Xom.
You were a beloved toy of Xom.
You visited 1 branch of the dungeon, and saw 7 of its levels.

You collected 338 gold pieces.


Innate Abilities, Weirdness & Mutations

You have a pair of horns on your head.
You reflexively headbutt those who attack you in melee.


   Skills:
 + Level 8.8 Fighting
 * Level 11.7 Axes
 - Level 2.4 Armour
 - Level 1.1 Dodging


You had 7 spell levels left.
You didn't know any spells.
Your spell library contained the following spells:

 Spells                   Type           Power      Damage    Failure   Level
 Magic Dart               Conj           0%         1d3       43%         1
 Call Imp                 Summ           0%         N/A       56%         2
 Mephitic Cloud           Conj/Pois/Air  0%         N/A       80%         3

Inventory:

Hand Weapons
 a - a +0 hand axe of chaos
 b - a +2 executioner's axe of chaos (weapon)
   (Xom gifted it to you on level 6 of the Dungeon)
 z - a +0 war axe
   (You found it on level 2 of the Dungeon)
Missiles
 l - a javelin
 q - 3 poisoned darts
 y - 5 boomerangs
 C - a throwing net
 D - a curare-tipped dart
Armour
 w - a +0 kite shield
   (You found it on level 6 of the Dungeon)
 x - the +2 pair of gloves "Hiuh" (worn) {Dex+5}
   (You found it on level 6 of the Dungeon)

   Dex+5:     It affects your dexterity (+5).
 B - +0 steam dragon scales (worn)
   (You found it on level 6 of the Dungeon)
Jewellery
 p - a ring of magical power
   (You found it on level 2 of the Dungeon)
 A - a ring of fire
   (You found it on level 6 of the Dungeon)
Scrolls
 c - a scroll of butterflies
 d - 2 scrolls of brand weapon
 e - a scroll of revelation
 g - 5 scrolls of amnesia
 h - a scroll of enchant weapon
 j - 2 scrolls of vulnerability
 m - a scroll of blinking
 n - a scroll of fog
 t - a scroll of enchant armour {unknown}
 u - a scroll of teleportation {unknown}
Potions
 i - 4 potions of lignification
 r - 2 potions of curing
 s - 3 potions of haste
 v - a potion of cancellation {unknown}

Dungeon Overview and Level Annotations

Branches:
Dungeon (7/15)
 Temple: D:4-7

Altars:
Kikubaaqudgha
Qazlal
Ru
Vehumet
Xom

Shops:
D:6 (

Annotations:
D:3 Grinder
D:7 Jeremiah

##### #.<.##### #.#.....#
######...###.# #
...........#b##########....
#######))....bbb@.bb)...#
#)))b..bFbb#####§§#
#)##.#####b# # #.##.# #ob.
#.##.# #§### #....# ..#
#..#.# .o# #..#.# ...
#..#.# ...#


You could see Jeremiah and an orc.


Message History

The hound barks!
A sleepcap comes into view.
Found a potion of lignification.
Found a stone staircase leading up.
You barely miss the hound. The hound barely misses you. x2
You barely miss the hound. The hound bites you but does no damage.
You closely miss the hound. Your headbutt misses the hound.
Xom makes a sudden noise!
You hear a very strange noise.
You hear an angry hiss.
The hound bites you.
You hit the hound. You freeze the hound.
The hound is moderately wounded.
The hound bites you.
You hit the hound. Your headbutt misses the hound.
The hound is heavily wounded.
The hound barely misses you. You furiously retaliate!
You headbutt the hound!
You kill the hound!
Found a scroll of identify.
The sleepcap barely misses you.
You hit the sleepcap.
The sleepcap is moderately damaged.
The sleepcap releases spores at you but does no damage.
You hit the sleepcap but do no damage.
The sleepcap suddenly seems more resistant.
The sleepcap is moderately damaged.
You hit the sleepcap but do no damage.
The sleepcap is moderately damaged.
The sleepcap releases spores at you.
You hit the sleepcap.
The sleepcap is moderately damaged.
The sleepcap barely misses you.
You hit the sleepcap.
The sleepcap suddenly seems more agile.
You headbutt the sleepcap, but do no damage.
The sleepcap is heavily damaged.
The sleepcap releases spores at you.
Unknown command.
You hit the sleepcap.
The sleepcap is severely damaged.
The sleepcap closely misses you.
You hit the sleepcap.
The sleepcap resists with some effort.
You headbutt the sleepcap.
You destroy the sleepcap!
No target in view!
An iguana comes into view.
An iguana is nearby!
The iguana hisses angrily.
You hit the iguana but do no damage. Your headbutt misses the iguana.
You closely miss the iguana. The iguana closely misses you.
You hit the iguana but do no damage.
You headbutt the iguana, but do no damage.
The iguana barely misses you.
You closely miss the iguana. The iguana barely misses you.
You furiously retaliate!
You headbutt the iguana. You hit the iguana.
Lightning courses through the iguana!
You kill the iguana!
No target in view!
No target in view!
You hear Xom's maniacal laughter.
There are monsters nearby!
You miss the quasit. You headbutt the quasit!
The quasit is severely wounded.
You hit the shadow imp but do no damage.
The quasit closely misses you. The quasit misses you.
The quasit claws you but does no damage.
You completely miss the quasit. Your headbutt misses the quasit.
The quasit is severely wounded.
You hit the quasit but do no damage. Lightning courses through the quasit!
You hit the shadow imp. The shadow imp barely misses you.
The white imp grins evilly.
The quasit bites you but does no damage.
The quasit barely misses you. x2
The quasit bites you but does no damage.
The quasit closely misses you. The quasit barely misses you.
The quasit closely misses you. The quasit barely misses you.
The quasit claws you.
The quasit bites you but does no damage.
The quasit claws you. The quasit closely misses you.
The shadow imp attacks as it pursues you!
The shadow imp barely misses you.
The white imp attacks as it pursues you!
The white imp hits you. The white imp freezes you.
You hit the quasit.
You kill the quasit!
The quasit disappears in a puff of smoke!
You hit the quasit. Your headbutt misses the quasit.
The quasit is almost dead.
The quasit barely misses you.
The quasit claws you but does no damage.
The quasit barely misses you.
You completely miss the quasit. Your headbutt misses the quasit.
The quasit is almost dead.
The quasit bites you. The quasit claws you. The quasit closely misses you.
You slash the quasit!
You kill the quasit!
The quasit degenerates into a cloud of primal chaos!
Okay, then.
The white imp gestures at you. The puff of frost hits you!
The white imp gestures at you. The puff of frost misses you.
The white imp shouts, "Give up, thou unmuzzled sow-suckled horn-beast!"
You hit the white imp. You burn the white imp. You headbutt the white imp.
You kill the white imp!
The white imp disappears in a puff of smoke!
You hit the shadow imp but do no damage.
The shadow imp hits you but does no damage.
You hit the shadow imp.
The shadow imp is moderately wounded.
The shadow imp gestures at you. Pain shoots through your body!
You hit the shadow imp but do no damage.
The shadow imp is moderately wounded.
The shadow imp hits you.
You closely miss the shadow imp. Your headbutt misses the shadow imp.
The shadow imp is moderately wounded.
The shadow imp closely misses you.
You barely miss the shadow imp.
The shadow imp is moderately wounded.
The shadow imp completely misses you.
You closely miss the shadow imp.
The shadow imp is moderately wounded.
The shadow imp hits you.
You hit the shadow imp. You burn the shadow imp.
The shadow imp is heavily wounded.
You hit the shadow imp.
The shadow imp's magic leaks into the air.
You headbutt the shadow imp.
You kill the shadow imp!
The shadow imp disappears in a puff of smoke!
You start resting.
HP restored. "Let's see if it's strong enough to survive yet."
The quasit bites you. The quasit misses you.
The quasit claws you but does no damage.
The white imp gestures at you. The puff of frost hits you.
You hit the quasit but do no damage. Your headbutt misses the quasit.
The quasit bites you but does no damage.
The quasit claws you.
You feel clumsy. The quasit claws you.
The ufetubus hits you but does no damage.
The ufetubus barely misses you.
You hit the quasit.
The quasit convulses.
Your headbutt misses the quasit.
The quasit is heavily wounded.
You hit the ufetubus but do no damage.
The ufetubus seems to grow stronger.
The quasit barely misses you. You furiously retaliate!
You headbutt the quasit. The quasit barely misses you. The quasit claws you.
The ufetubus hits you but does no damage.
The ufetubus barely misses you.
You miss the quasit.
The quasit is severely wounded.
You miss the ufetubus. The quasit bites you.
You feel clumsy. The quasit barely misses you. The quasit misses you.
The ufetubus closely misses you. You furiously retaliate!
You headbutt the ufetubus. The ufetubus hits you.
You hit the quasit.
You kill the quasit!
The quasit disappears in a puff of smoke!
You hit the ufetubus.
The ufetubus is poisoned.
You hit the white imp but do no damage.
The white imp resists with some effort.
The ufetubus hits you. x2; The white imp hits you.
The white imp freezes you. The ufetubus attacks as it pursues you!
The ufetubus closely misses you. The ufetubus hits you.
You barely miss the white imp. You barely miss the white imp.
You headbutt the white imp.
The white imp is heavily wounded.
The white imp hits you but does no damage.
You hit the white imp. You headbutt the white imp.
You kill the white imp!
The white imp disappears in a puff of smoke!
You closely miss the ufetubus. Your punch misses the ufetubus.
The ufetubus is almost dead.
The ufetubus hits you. The ufetubus misses you. The ufetubus slips past you!
The ufetubus hits you. The ufetubus closely misses you.
You closely miss the ufetubus.
The ufetubus is almost dead.
You kill the ufetubus!
The ufetubus disappears in a puff of smoke!
You completely miss the iron imp. Your headbutt misses the iron imp.
The iron imp hits you but does no damage.
You hit the iron imp but do no damage. Your headbutt misses the iron imp.
You hit the iron imp.
The iron imp is moving more slowly.
The iron imp is moderately wounded.
The iron imp barely misses you.
You hit the iron imp.
The iron imp convulses.
The iron imp is moderately wounded.
The iron imp barely misses you.
You strike the helpless iron imp from behind!
You hit the iron imp but do no damage. You headbutt the iron imp.
The iron imp is heavily wounded.
You slash the iron imp! You freeze the iron imp.
The iron imp is almost dead.
The iron imp closely misses you. You furiously retaliate!
You headbutt the iron imp. You hit the iron imp. You headbutt the iron imp.
You kill the iron imp!
The iron imp disappears in a puff of smoke!
i - 4 potions of lignification (gained 1)
w - a scroll of identify
As you read the scroll of identify, it crumbles to dust.
s - 3 potions of haste
There is a stone staircase leading up here.
You see here a +0 robe.
There is a stone staircase leading up here.
You now have 216 gold pieces (gained 13).
You now have 229 gold pieces (gained 13).
Done exploring.
Done exploring.
Items here: ))) [.
Items here: )) [[.
There is a stone staircase leading down here.
Search for what [Enter for "d:4", or ? for help]? d: Unknown command.
You climb downwards.
The gnoll shouts! x3
There is a stone staircase leading up here.
A gnoll sergeant comes into view. It is wielding a +0 spear.
The gnoll sergeant shouts!
You hear a shout!
A gnoll comes into view. It is wielding a +0 flail.
The gnoll barely misses you. The gnoll hits you but does no damage.
An ice beast comes into view.
The gnoll hits you from afar with a +0 spear.
The gnoll hits you but does no damage.
You hit the gnoll.
The gnoll suddenly seems more resistant.
The gnoll is lightly wounded.
You closely miss the gnoll. You hit the gnoll. You headbutt the gnoll.
You kill the gnoll!
You hit the gnoll.
The gnoll is poisoned.
The gnoll barely misses you. x2
You furiously retaliate!
You headbutt the gnoll! You barely miss the gnoll. You hit the gnoll.
You burn the gnoll.
You kill the gnoll!
The gnoll misses you.
The gnoll sergeant hits you from afar with a +0 spear.
You hit the gnoll but do no damage. You headbutt the gnoll.
The gnoll is moderately wounded.
The gnoll completely misses you.
The gnoll sergeant hits you from afar with a +0 spear!
The gnoll barely misses you. You furiously retaliate!
You headbutt the gnoll. You closely miss the gnoll.
You hit the gnoll but do no damage. "This might be better!"
The gnoll sergeant evaporates and reforms as a worm!
The gnoll hits you with a +0 flail. The gnoll misses you.
You furiously retaliate!
You headbutt the gnoll.
The gnoll hits you from afar with a +0 spear.
You hit the gnoll.
The gnoll evaporates and reforms as an endoplasm!
The endoplasm is heavily wounded.
You hit the gnoll.
Space warps around the gnoll.
You kill the gnoll!
You hit the endoplasm.
You kill the endoplasm!
You hit the worm. You freeze the worm.
The worm is heavily wounded.
You slash the worm! You burn the worm.
You kill the worm!
The gnoll barely misses you.
You hit the ice beast.
You feel better.
The ice beast is lightly wounded.
The ice beast barely misses you. The gnoll misses you.
You slash the ice beast!
The ice beast is heavily wounded.
The ice beast hits you but does no damage.
The gnoll hits you but does no damage.
You barely miss the ice beast.
The ice beast is heavily wounded.
You hit the ice beast.
Lightning courses through the ice beast!!
You kill the ice beast!
The gnoll hits you from afar with a +0 spear.
You have reached level 8!
You feel stronger. The gnoll closely misses you.
Things that are here:
a +0 club; a +0 spear; a gnoll corpse You hit the gnoll but do no damage.
The gnoll is poisoned.
The gnoll hits you but does no damage.
You hit the gnoll.
The gnoll is heavily wounded.
The gnoll hits you with a +0 spear!
You hit the gnoll but do no damage.
The gnoll is severely wounded.
The gnoll hits you with a +0 spear.
You completely miss the gnoll. You headbutt the gnoll.
You kill the gnoll!
Items here: )) [[ †.
Things that are here:
a +0 club; a +0 spear; a gnoll corpse
There is a stone staircase leading up here.
Things that are here:
a +0 flail; a +0 club; a gnoll corpse
Things that are here:
a +0 club; a +0 spear; a gnoll corpse
Items here: )) [[ †.
w - a +0 kite shield
Things that are here:
a +0 club; a +0 spear; a gnoll corpse
There is a stone staircase leading up here.
Things that are here:
a +0 flail; a +0 club; a gnoll corpse HP restored.
Found 2 stones.
A white imp comes into view.
The white imp shouts!
The white imp gestures at you. The puff of frost hits you!
An adder comes into view.
Found a kite shield.
Found a radiant altar of Vehumet.
The adder hisses angrily.
You barely miss the white imp. The white imp hits you.
The white imp freezes you.
You hit the white imp. You burn the white imp.
The white imp is heavily wounded.
The white imp gestures at you. The puff of frost hits you!
You hit the white imp but do no damage. You headbutt the white imp.
The white imp is heavily wounded.
The white imp hits you but does no damage.
You hit the white imp but do no damage.
The white imp resists with some effort.
Your headbutt misses the white imp.
The white imp is heavily wounded.
You hit the adder.
The adder suddenly seems more resistant.
The adder bites you.
The white imp hits you but does no damage.
The adder barely misses you.
You are too injured to fight recklessly!
You are too injured to fight recklessly!
You are too injured to fight recklessly!
Unknown command.
You are too injured to fight recklessly!
You hit the adder. Your headbutt misses the adder.
The adder is almost dead.
You hit the white imp but do no damage.
The white imp seems to speed up.
Xom thinks this is hilarious!
The white imp gestures at you. The puff of frost hits you! The adder bites you.
You hit the adder.
You kill the adder!
You hit the white imp. The white imp hits you. The white imp freezes you.
* * * LOW HITPOINT WARNING * * *
You feel your dexterity returning.
You hit the white imp.
You kill the white imp!
You are now a plaything of Xom.
An orc comes into view. It is wielding a +0 club.
The orc shouts!
You hear a shout! x2
An orc comes into view. It is wielding a +0 whip.
The orc shouts!
You hear a shout!
An orc comes into view. It is wielding a +0 mace.
An orc wizard comes into view. It is wielding a +2 dagger of flaming.
The orc wizard shouts!
You hear a shout!
An orc comes into view. It is wielding a +0 club.
The orc shouts!
An orc comes into view. It is wielding a +0 club.
The orc barely misses you.
You hit the orc but do no damage. You barely miss the orc.
The orc hits you but does no damage.
The orc wizard points at you and mumbles some strange words.
You are confused.
The orc barely misses you.
Unknown command.
You hit the orc but do no damage.
The orc is moving more slowly.
You hit the orc. You burn the orc. The orc hits you with a +0 club. x2
You nearly stumble into some lava!
The orc closely misses you.
You nearly stumble into some lava!
The orc hits you with a +0 mace.
An orc priest comes into view. It is wielding a +0 short sword.
The orc wizard gestures wildly while chanting.
The orc wizard flickers and vanishes!
Deactivating autopickup; reactivate with Ctrl-A.
The orc hits you with a +0 club.
You're too confused to move!
The orc priest shouts!
The orc hits you but does no damage. The orc hits you with a +0 mace.
The orc barely misses you.
Unknown command.
You miss the orc. You hit the orc.
The orc is poisoned.
You closely miss the orc. The orc barely misses you.
Unknown command.
You nearly stumble into some lava!
You feel less confused.
The orc stops moving altogether!
The orc barely misses you. x2
The orc attacks as it pursues you! The orc hits you but does no damage.
You are confused.
You bump into the rock wall.
The orc hits you but does no damage. The orc hits you with a +0 club.
The orc closely misses you.
The orc priest looks braver for a moment.
Xom makes a sudden noise!
You hear a bellow!
The orc attacks as it pursues you! The orc hits you but does no damage.
The orc priest calls upon Beogh to heal the orc.
You feel less confused. The orc attacks as it pursues you!
The orc hits you but does no damage. The orc attacks as it pursues you!
The orc closely misses you. The orc attacks as it pursues you!
The orc hits you with a +0 whip. The orc hits you but does no damage.
The orc attacks as it pursues you! The orc barely misses you.
You furiously retaliate!
You headbutt the orc. The orc attacks as it pursues you! The orc misses you.
You furiously retaliate!
You headbutt the orc!
You kill the orc!
The orc attacks as it pursues you! The orc barely misses you.
You furiously retaliate!
You headbutt the orc!
You kill the orc!
The orc attacks as it pursues you! The orc barely misses you.
The orc attacks as it pursues you! The orc hits you with a +0 mace.
The orc attacks as it pursues you! The orc barely misses you.
You furiously retaliate!
You headbutt the orc!
You kill the orc!
There is a stone staircase leading up here.
Things that are here:
a +0 flail; a +0 club; a gnoll skeleton You barely miss the orc.
The orc hits you with a +0 mace.
You hit the orc but do no damage.
The orc resists with some effort.
The orc hits you with a +0 mace.
You hit the orc but do no damage.
The orc resists with some effort.
The orc completely misses you. You furiously retaliate!
You headbutt the orc. You closely miss the orc. You headbutt the orc.
You kill the orc!
You hear some strange, mumbled words.
Something tries to affect you, but you resist.
You hear some strange, mumbled words.
Something tries to affect you, but you resist.
You climb upwards.
Reactivating autopickup.
There is a stone staircase leading down here.
There is a stone staircase leading down here.
You start resting.
HP restored.
You start resting.
HP restored.
You climb downwards.
The orc wizard gestures wildly while chanting.
The orc wizard flickers and vanishes!
Deactivating autopickup; reactivate with Ctrl-A.
There is a stone staircase leading up here.
Things that are here:
a +0 club; a +0 flail; a gnoll skeleton You hit the orc but do no damage.
You headbutt the orc!
You kill the orc!
A puff of flame appears from out of thin air!
The puff of flame hits you!
Items here: )) [[ †.
Something hits you but does no damage.
You miss something. Your headbutt misses something. Something hits you.
Something burns you.
You barely miss something. Something hits you. Something burns you.
You closely miss something. You closely miss something.
Something hits you but does no damage.
You completely miss something. Your headbutt misses something.
You hear some strange, mumbled words.
A puff of flame appears from out of thin air!
The puff of flame hits you.
You hit something. You freeze something. Something hits you but does no damage.
You miss something. Something hits you. Something burns you.
You miss something. You barely miss something.
Something hits you but does no damage.
You miss something. Your headbutt misses something.
Something barely misses you.
You miss something. Your headbutt misses something. Something hits you.
Something burns you.
You hit something.
You hear some strange, mumbled words.
A magic dart appears from out of thin air!
The magic dart hits you!
You barely miss something. You completely miss something. Something hits you.
Something burns you.
You miss something. Something hits you but does no damage.
You hit something but do no damage. Your headbutt misses something.
Something hits you but does no damage.
You miss something. Something hits you. Something burns you.
You closely miss something. Your headbutt misses something.
Reactivating autopickup.
You feel a bit more experienced.
Your Axes skill increases to level 10!
Things that are here:
a +2 dagger of flaming; a +0 robe HP restored.
Found a short sword.
Found a ring mail.
r - 2 potions of curing (gained 1)
You now have 247 gold pieces (gained 18).
An adder comes into view.
You hit the adder.
The adder seems to slow down.
You freeze the adder.
The adder is lightly wounded.
The adder barely misses you.
You closely miss the adder.
The adder is lightly wounded.
The adder barely misses you.
You closely miss the adder. Your headbutt misses the adder.
The adder is lightly wounded.
You hit the adder. You freeze the adder. Your headbutt misses the adder.
The adder is almost dead.
The adder closely misses you.
You slash the adder!
You kill the adder!
No target in view!
An orc priest is nearby!
The orc priest shouts!
You slash the orc priest! You freeze the orc priest.
You headbutt the orc priest.
You kill the orc priest!
No target in view!
You now have 261 gold pieces (gained 14).
You see here a +0 short sword.
A white imp comes into view.
The white imp shouts, "Slither hence, thou peaked two-tin-hat fleecer!"
The white imp gestures at you. The puff of frost hits you.
You slash the white imp!
The white imp's magic leaks into the air.
The white imp is almost dead.
The white imp falters for a moment.
You barely miss the white imp.
The white imp is almost dead.
The white imp falters for a moment.
You hit the white imp.
You kill the white imp!
You now have 265 gold pieces (gained 4).
Found a stone staircase leading up.
You see here the +2 pair of gloves "Hiuh" {Dex+5}.
x - the +2 pair of gloves "Hiuh" {Dex+5} You start putting on your armour.
You continue putting on the +2 pair of gloves "Hiuh" {Dex+5}. x4
You finish putting on the +2 pair of gloves "Hiuh" {Dex+5}.
You feel agile.
Found a robe.
A sky beast comes into view.
Found a stone staircase leading down.
An orc warrior and an orc come into view.
The orc warrior shouts!
The orc shouts!
An orc comes into view. It is wielding a +0 hand axe. x2
The orc throws a boomerang.
The boomerang completely misses you.
The orc throws a boomerang.
The boomerang hits you but does no damage.
The sky beast flickers out of sight!
Deactivating autopickup; reactivate with Ctrl-A.
The orc warrior hits you from afar with a +0 halberd.
The orc shouts!
The orc warrior barely misses you. You furiously retaliate!
You headbutt the orc warrior. You hit the orc warrior.
Lightning courses through the orc warrior!!
You kill the orc warrior!
You feel your dexterity returning. The orc hits you with a +0 hand axe.
Things that are here:
a +0 halberd; a +0 chain mail You barely miss the orc.
The orc hits you with a +0 hand axe.
You slash the orc!
You kill the orc!
You barely miss something. Something hits you but does no damage.
You hit something but do no damage. Your headbutt misses something.
Something hits you but does no damage.
You miss something. You hit something but do no damage.
A sky beast appears from thin air!
Reactivating autopickup.
The sky beast closely misses you.
You hit the sky beast.
The sky beast is poisoned.
The sky beast is lightly wounded.
The sky beast hits you but does no damage.
You hit the sky beast but do no damage.
The sky beast looks as sick as possible!
The sky beast is lightly wounded.
The sky beast hits you but does no damage.
You hit the sky beast. You freeze the sky beast.
You headbutt the sky beast, but do no damage.
The sky beast is moderately wounded.
You are now a beloved toy of Xom.
You hit the sky beast. You drain the sky beast.
The sky beast is heavily wounded.
The sky beast misses you. You furiously retaliate!
You headbutt the sky beast. You slash the sky beast! You burn the sky beast.
Your headbutt misses the sky beast.
The sky beast is almost dead.
You kill the sky beast!
Your Fighting skill increases to level 8!
You slash the orc!
You kill the orc!
Items here: ( )) †.
Things that are here:
a +0 halberd; a +0 chain mail
Items here: ( )) †.
y - a boomerang
Things that are here:
a +0 halberd; a +0 chain mail
Things that are here:
a +0 hand axe; a +0 hand axe; a sky beast corpse
Found a stone staircase leading up. "Let's go for a ride!"
Your surroundings suddenly seem different.
Unknown command. 4 orcs come into view.
An orc is wielding a +0 dagger of holy wrath.
The orc shouts!
You hear an angry hiss.
The orc moves out of view.
The orc shouts! x2; You hear a shout!
An orc comes into view.
It is wielding a +0 club. 2 orcs come into view.
The orc shouts! x2; You hear a shout!
An orc comes into view. It is wielding a +0 club.
You hear a shout!
You hit the orc.
The orc is heavily wounded.
The orc barely misses you. You furiously retaliate!
You headbutt the orc.
You kill the orc!
You hit the orc.
The orc is almost dead.
You hit the orc but do no damage.
Space warps around the orc.
You kill the orc!
You barely miss the orc. You closely miss the orc. You hit the orc.
You burn the orc. The orc misses you. The orc hits you with a +0 hand axe.
You completely miss the orc.
The orc is moderately wounded.
You slash the orc!
You kill the orc!
You hit the orc. You freeze the orc. The orc closely misses you.
The orc hits you but does no damage.
You slash the orc! You burn the orc.
You kill the orc!
You hit the orc.
The orc seems to slow down.
You hit the orc but do no damage. You hit the orc.
You kill the orc!
You hit the orc. The orc closely misses you. You furiously retaliate!
You headbutt the orc.
You kill the orc!
You slash the orc! You burn the orc.
You kill the orc!
You closely miss the orc. The orc hits you with a +0 club.
You slash the orc!
You kill the orc!
y - 3 boomerangs (gained 2)
Items here: ))) ††.
A steam dragon comes into view. "Where it stops, nobody knows!"
Your surroundings suddenly seem different.
Your surroundings suddenly seem different.
Your surroundings suddenly seem different.
Unknown command.
The orc shouts!
The orc closely misses you.
You hit the orc.
The orc is poisoned.
You headbutt the orc.
You kill the orc!
No target in view!
Found a stone staircase leading down.
You now have 275 gold pieces (gained 10).
Found an escape hatch in the floor.
z - a scroll of identify
Found a flail.
As you read the scroll of identify, it crumbles to dust.
n - a scroll of fog "Take this token of my esteem."
Something appears at your feet!
You see here a +2 executioner's axe of electrocution.
The +2 executioner's axe of electrocution erupts in a glittering mayhem of colour.
You see here a +2 executioner's axe of chaos.
z - a +2 executioner's axe of chaos
There is an escape hatch in the floor here.
Found 4 stones.
Found an escape hatch in the ceiling.
Found 2 stones.
You see here 2 stones.
You see here a +0 flail.
You see here a +0 flail.
You now have 290 gold pieces (gained 15).
Found a stone staircase leading down.
Adjust to which letter? (? for menu, Esc to quit)
b - a +2 executioner's axe of chaos;
z - a +0 war axe An iguana comes into view.
Found 9 gold pieces.
The iguana hisses angrily.
Your +2 executioner's axe of chaos is briefly surrounded by a scintillating aura of random colours.
b - a +2 executioner's axe of chaos (weapon)
You barely miss the iguana.
Xom adds some personal touches to your environment.
The iguana bites you.
You hit the iguana.
The iguana is poisoned.
Your headbutt misses the iguana.
The iguana is lightly wounded.
The iguana bites you. x2
You slice the iguana!!
The iguana seems to slow down.
You freeze the iguana.
You kill the iguana!
No target in view!
Your butterfly disappears in a puff of smoke! x2
Your butterfly disappears in a puff of smoke!
Your butterfly disappears in a puff of smoke!
You see here a staff of death.
Your butterfly degenerates into a cloud of primal chaos!
Your butterfly disappears in a puff of smoke!
You now have 299 gold pieces (gained 9).
Your butterfly disappears in a puff of smoke! x2
Your butterfly disappears in a puff of smoke!
You now have 320 gold pieces (gained 21).
Your butterfly disappears in a puff of smoke!
Xom complains about the scenery.
You swap places.
You swap places.
You now have 323 gold pieces (gained 3).
You swap places.
A - a ring of fire You swap places.
Your butterfly disappears in a puff of smoke!
Your butterfly disappears in a puff of smoke!
Your butterfly disappears in a puff of smoke! x2
You see here a staff of death.
There is a stone staircase leading down here.
B - a scroll of identify
As you read the scroll of identify, it crumbles to dust.
o - a scroll of fear
Items here: ))) [[.
Blork the orc comes into view.
He is wielding a +0 trident.
Blork the orc shouts!
Blork the orc casts a spell.
Blork the orc seems to speed up.
Press: ? - help, v - describe, . - travel
Here: Blork the orc, wielding a +0 trident and wearing a +0 robe (fast)
The floor.
Blork the orc hits you with a +0 trident. x2
You hit Blork the orc.
Blork the orc resists with some effort.
Blork the orc is lightly wounded.
Blork the orc hits you with a +0 trident.
Blork the orc closely misses you.
You slash Blork the orc! Your headbutt misses Blork the orc.
Blork the orc is heavily wounded.
Blork the orc misses you.
Blork the orc hits you with a +0 trident!
You slash Blork the orc!
You kill Blork the orc!
Things that are here:
a +0 trident; a +0 robe; the orc corpse of Blork the orc A steam dragon is nearby!
The steam dragon hisses angrily.
You slice the steam dragon!!
You headbutt the steam dragon, but do no damage.
The steam dragon is almost dead. "Take this token of my esteem."
Something appears at your feet! The steam dragon bites you!
The steam dragon claws you. The steam dragon breathes steam at you.
The ball of steam hits you!!
You emit a cloud of colourful smoke!
You slice the steam dragon!!
You kill the steam dragon!
The steam dragon scales are intact enough to wear.
Your Axes skill increases to level 11!
No target in view!
Things that are here:
+0 steam dragon scales; a steam dragon corpse B - +0 steam dragon scales Unknown command.
You start removing your armour.
You continue taking off your +2 leather armour. x4
You finish taking off your +2 leather armour.
You start putting on your armour.
You continue putting on your +0 steam dragon scales. x5
You finish putting on your +0 steam dragon scales.
Unknown command.
You drop a +2 leather armour.
You now have 338 gold pieces (gained 15).
Things that are here:
a +2 leather armour; a steam dragon corpse Xom briefly touches your surroundings.
You are now a toy of Xom.
Found Zexi Apaer's Firing Range.
You are now a beloved toy of Xom.
Found a javelin and 2 stones.
Found a boomerang and a throwing net.
There is an entrance to Zexi Apaer's Firing Range here.
y - 4 boomerangs (gained 1)
y - 5 boomerangs (gained 1)
You see here a javelin.
l - a javelin You completely miss the training dummy.
You headbutt the training dummy.
You destroy the training dummy!
You slash the training dummy! You burn the training dummy.
You destroy the training dummy!
You hit the training dummy.
Lightning courses through the training dummy!
You destroy the training dummy!
C - a throwing net You see here a stone.
Things that are here:
a stone; a stone
There is an entrance to Zexi Apaer's Firing Range here.
Unknown command.
Things that are here:
a +2 leather armour; a steam dragon skeleton
There is a stone staircase leading up here.
Done exploring.
You see here a staff of death.
There is a stone staircase leading down here.
Unknown command.
You climb downwards.
There is a stone staircase leading up here.
A kobold brigand and a kobold come into view.
The kobold brigand is wielding a +0 short sword and quivering curare-tipped darts.
Found a scroll of amnesia.
The kobold brigand shouts!
You hear a shout!
A kobold comes into view. It is wielding a +0 whip.
The kobold shouts!
A kobold comes into view. It is wielding a +0 dagger.
The kobold shouts!
A kobold comes into view. It is wielding a +0 short sword.
The kobold closely misses you.
A kobold comes into view. It is wielding a +0 dagger.
The kobold shouts! x2
You slash the kobold!
You kill the kobold!
You hear an angry hiss.
A water moccasin comes into view.
The kobold brigand throws a curare-tipped dart.
The curare-tipped dart hits you.
You are poisoned.
You have difficulty breathing.
You feel yourself slow down.
You feel very sick.
Things that are here:
a +0 short sword; a kobold corpse You closely miss the kobold.
You slash the kobold brigand! You freeze the kobold brigand.
You hit the kobold.
You feel very sick.
You hear a shout!
The kobold hits you but does no damage. x4
The kobold brigand hits you but does no damage.
A kobold comes into view. It is wielding a +0 dagger.
You slash the kobold brigand!
You kill the kobold brigand!
You slash the kobold!
You kill the kobold!
You closely miss the kobold.
You feel sick.
The kobold throws a stone.
The stone hits you but does no damage. The kobold barely misses you.
You furiously retaliate!
You headbutt the kobold!
You kill the kobold!
You feel sick. The kobold closely misses you. You furiously retaliate!
You headbutt the kobold.
You kill the kobold!
The kobold hits you but does no damage. x3
Things that are here:
a +0 short sword; 2 stones; a kobold corpse You hit the kobold.
You freeze the kobold.
You kill the kobold!
You slash the kobold!
You kill the kobold!
You hit the kobold. You freeze the kobold.
You kill the kobold!
You feel sick.
You are no longer poisoned.
The water moccasin bites you but does no damage.
The water moccasin closely misses you.
You barely miss the water moccasin.
Your headbutt misses the water moccasin.
The water moccasin bites you.
The water moccasin bites you but does no damage.
The water moccasin closely misses you.
You closely miss the water moccasin. The water moccasin misses you.
You furiously retaliate!
You headbutt the water moccasin! The water moccasin closely misses you.
The water moccasin misses you.
You hit the water moccasin but do no damage.
The water moccasin is moderately wounded.
You feel yourself speed up. The water moccasin bites you.
You are poisoned.
The water moccasin poisons you! The water moccasin closely misses you.
You slash the water moccasin!
Lightning courses through the water moccasin!!
You kill the water moccasin!
You feel very sick.
You feel sick.
Things that are here:
a +0 dagger; a stone; a kobold corpse You feel sick.
g - 5 scrolls of amnesia (gained 1)
You feel sick.
You feel sick.
Things that are here:
a +0 dagger; a stone; a kobold corpse You feel sick.
Things that are here:
a +0 short sword; 3 stones; a kobold corpse You feel sick.
Things that are here:
a +0 short sword; a kobold corpse You feel sick.
You are no longer poisoned.
Items here: (( ))) †.
D - a curare-tipped dart HP restored.
Things that are here:
a +0 dagger; 4 stones An orc comes into view.
It is wielding a +0 whip.
An orc priest comes into view. It is wielding a +0 whip.
Jeremiah and an orc warrior come into view.
Jeremiah is wielding a +2 trident of draining, wearing a +1 robe of willpower and wearing an orb of mayhem.
Jeremiah shouts!
The orc warrior shouts!
The orc shouts!
You hear a shout!
Xom grants you insight.
You detect items!
The orc barely misses you.
An orc comes into view. It is wielding a +0 hand axe.
Jeremiah cries, "Fearful master, protect me!"
Something smites you!
You slash the orc!
You kill the orc!
Xom smiles on you.
Your +2 executioner's axe of chaos looks sharp (like it always does).
The orc warrior barely misses you.
Things that are here:
a +0 whip; a +0 ring mail; an orc corpse You hit the orc warrior but do no damage.
The orc warrior hits you with a +0 battleaxe!
Jeremiah hops!
You hit the orc warrior. You drain the orc warrior.
Your headbutt misses the orc warrior.
The orc warrior is moderately wounded.
The orc warrior hits you with a +0 battleaxe!
You hit the orc warrior but do no damage.
The orc warrior is moderately wounded.
The orc warrior closely misses you. The orc warrior misses you.
You furiously retaliate!
You headbutt the orc warrior. You completely miss the orc warrior.
The orc warrior is moderately wounded.
The orc warrior barely misses you.
You closely miss the orc warrior. Your headbutt misses the orc warrior.
The orc warrior is moderately wounded.
The orc warrior hits you with a +0 battleaxe!
* * * LOW HITPOINT WARNING * * *
Jeremiah hops!
You slice the orc warrior!!
The orc warrior is almost dead.
The orc priest invokes the aid of Beogh against you.
Beogh smites you!
* * * LOW HITPOINT WARNING * * *
The orc warrior barely misses you.
The orc warrior hits you with a +0 battleaxe.
* * * LOW HITPOINT WARNING * * *
The orc priest begins to cast a cantrip, but forgets the words!
You slash the orc warrior!
You kill the orc warrior!
The butterfly disappears in a burst of colours! x2
The orc priest casts a cantrip, but nothing happens.
Okay, then.
Unknown command.
Press: ? - help, v - describe, . - travel
Here: Jeremiah, wielding a +2 trident of draining, wearing a +1 robe of willpower and wearing an orb of mayhem The floor.
You aren't carrying any items that you can evoke.
Unknown command.
Press: ? - help, v - describe, . - travel
Here: Jeremiah, wielding a +2 trident of draining, wearing a +1 robe of willpower and wearing an orb of mayhem The floor.
As you read the scroll of fear, it crumbles to dust.
You assume a fearsome visage.
Jeremiah looks frightened!
The butterfly looks frightened!
The orc priest looks frightened!
The orc looks frightened!
The butterfly looks frightened! x7
The butterfly disappears in a burst of colours!
Cornered, the butterfly turns to fight!
Jeremiah hops!
You miss the butterfly.
The butterfly disappears in a burst of colours!
Cornered, the butterfly turns to fight!
Jeremiah blubbers, "Eeeeekkkk!"
Jeremiah hops!
You hit the butterfly.
You kill the butterfly!
The butterfly disappears in a burst of colours!
Cornered, the butterfly turns to fight!
Jeremiah hops!
You miss the butterfly.
Cornered, the butterfly turns to fight! x2
Jeremiah yells at you, "GO AWAY!"
Jeremiah hops! x2
You closely miss the butterfly. Your headbutt misses the butterfly.
You miss the butterfly.
The butterfly disappears in a burst of colours! x2
Jeremiah hops!
You slice the butterfly!! You burn the butterfly.
You kill the butterfly!
The butterfly disappears in a burst of colours!
You slash the butterfly!
Lightning courses through the butterfly!
You kill the butterfly!
The butterfly disappears in a burst of colours!
Jeremiah hops!
You barely miss Jeremiah. Your headbutt misses Jeremiah.
You miss the butterfly.
Jeremiah hops! x2
Jeremiah seems to regain their courage.
The butterfly disappears in a burst of colours! x2
Jeremiah throws their arms up pleadingly.
Something smites you!
* * * LOW HITPOINT WARNING * * *
It was a potion of attraction.
You feel attractive to monsters.
Xom thinks this is hilarious!
The butterfly disappears in a burst of colours!
The butterfly is attracted toward you. Jeremiah is attracted toward you.
The butterfly is attracted toward you. x2; The orc is attracted toward you.
The butterfly is attracted toward you. x3
It was a potion of degeneration.
There was something very wrong with that liquid.
You feel weakened.
You feel dopey.
You feel clumsy.
Jeremiah lets out a twisted cry.
Something smites you!
You die...
Jeremiah wails, "I didn't mean to kill anyone!
I'm not a murderer!"
Xom titters!

Skill      XL: |  1  2  3  4  5  6  7  8 |
---------------+-------------------------+-----
Axes           | 4 5 6 7 8 9 11 | 11.7
Fighting       | 4 5 6 7 8 |  8.8
Armour         | |  2.4
Dodging        | |  1.1

Action                     |  1- 3 |  4- 6 |  7- 9 || total
---------------------------+-------+-------+-------++-------
  Melee: Hand axe          |    53 |    86 |   165 ||   304
         Headbutt          |     9 |    19 |    25 ||    53
         War axe           |       |    11 |     9 ||    20
         Punch             |       |     1 |       ||     1
         Executioner's axe |       |       |    31 ||    31
    Use: Potion            |       |     1 |     2 ||     3
         Scroll            |       |       |    11 ||    11
   Stab: Petrifying        |       |       |     1 ||     1
 Armour: Leather armour    |    27 |    63 |   131 ||   221
         Steam dragon scal |       |       |    17 ||    17
  Dodge: Dodged            |    29 |    44 |   121 ||   194

Levels and vault maps discovered:
D:1:      giann_horns, layout_basic
D:2:      layout_basic, serial_glass, glass_columns_c, glass_columns_b,
          uniq_natasha
D:3:      layout_rooms, hangedman_abyss_or_decor_lesser_grid,
          hangedman_decor_growths, uniq_grinder
D:4:      layout_gridville, nicolae_qazlal_beasts_of_the_sky,
          mainiacjoe_overflow_swirl, minmay_door_square, uniq_menkaure
D:5:      layout_rooms
D:6:      layout_layer_cave, mainiacjoe_overflow_catwalk,
          serial_co_window_serial, co_window_corner_a, co_window_paths_b,
          co_window_paths_a, co_window_cross_1, co_window_corner_a,
          co_window_cross_2, co_window_corner_cb, co_window_corner_b,
          co_window_paths_d, co_window_sun, corexii_hall_statues_i,
          nrook_campfire, nicolae_shop_firing_range, uniq_blork_the_orc
D:7:      layout_loops_ring, minmay_temple_entry_large_hall, uniq_jeremiah

Notes
Turn   | Place    | Note
-------+----------+-------------------------------------------
     0 | D:1      | scionoferis the Minotaur Chaos Knight began the quest for
                  | the Orb.
     0 | D:1      | Reached XP level 1. HP: 19/19 MP: 0/0
   107 | D:1      | XOM: potion effect (berserk rage)
   121 | D:1      | Reached skill level 4 in Axes
   192 | D:1      | XOM: cloud trail
   232 | D:1      | XOM: god gift: book of Minor Magic
   301 | D:1      | Reached XP level 2. HP: 27/27 MP: 1/1
   749 | D:1      | Reached skill level 4 in Fighting
   897 | D:2      | Reached XP level 3. HP: 32/33 MP: 2/2
  1009 | D:2      | XOM: 7-stop teleportation journey
  1034 | D:2      | Reached skill level 5 in Axes
  1047 | D:2      | Noticed Natasha
  1052 | D:2      | Killed Natasha
  1053 | D:2      | Reached XP level 4. HP: 35/41 MP: 3/3
  1358 | D:2      | Noticed Natasha
  1362 | D:2      | Killed Natasha
  1461 | D:2      | Noticed Natasha
  1464 | D:2      | XOM: potion effect (attraction)
  1468 | D:2      | Killed Natasha
  1593 | D:3      | Reached skill level 6 in Axes
  1614 | D:3      | XOM: cloud trail
  1634 | D:3      | XOM: potion effect (berserk rage)
  1637 | D:3      | Reached XP level 5. HP: 47/47 MP: 4/4
  1681 | D:3      | XOM: 7-stop teleportation journey
  1704 | D:3      | Reached skill level 5 in Fighting
  1808 | D:3      | XOM: silly message
  1814 | D:3      | Noticed Grinder
  1826 | D:4      | Noticed Menkaure
  1965 | D:3      | XOM: silly message
  2027 | D:4      | XOM: summons friendly iron imp
  2073 | D:4      | Reached skill level 7 in Axes
  2073 | D:4      | Reached XP level 6. HP: 51/56 MP: 5/5
  2230 | D:4      | XOM: god gift: ivory great mace {god gift}
  2230 | D:4      | Identified the +5 great mace "Tiqai" {flame, Int+2 Stlth+}
                  | (Xom gifted it to you on level 4 of the Dungeon)
  2320 | D:4      | Found an ancient bone altar of Kikubaaqudgha.
  2329 | D:4      | Found a sacrificial altar of Ru.
  2410 | D:4      | Noticed a sky beast
  2412 | D:4      | Reached skill level 6 in Fighting
  2420 | D:4      | XOM: summons 6 friendly demons
  2438 | D:4      | Killed a sky beast
  2439 | D:4      | Reached skill level 8 in Axes
  2439 | D:4      | Reached XP level 7. HP: 24/64 MP: 6/6
  2544 | D:4      | Killed Menkaure
  2608 | D:4      | Found a stormy altar of Qazlal.
  2667 | D:4      | XOM: 5-stop teleportation journey
  2680 | D:4      | XOM: 10-stop teleportation journey
  3158 | D:5      | Entered Level 5 of the Dungeon
  3160 | D:5      | XOM: enchant monster (bad)
  3167 | D:5      | Reached skill level 9 in Axes
  3325 | D:5      | Reached skill level 7 in Fighting
  3415 | D:5      | XOM: noise
  3442 | D:5      | XOM: summons 4 hostile demons
  3544 | D:5      | XOM: summons 4 hostile demons
  3924 | D:6      | XOM: polymorph gnoll sergeant -> worm
  3933 | D:6      | Reached XP level 8. HP: 51/73 MP: 7/7
  4032 | D:6      | Found a radiant altar of Vehumet.
  4155 | D:6      | XOM: noise
  4296 | D:6      | Reached skill level 10 in Axes
  4518 | D:6      | Identified the +2 pair of gloves "Hiuh" {Dex+5}
  4597 | D:6      | Reached skill level 8 in Fighting
  4649 | D:6      | XOM: 1-stop teleportation journey
  4710 | D:6      | XOM: 3-stop teleportation journey
  4800 | D:6      | XOM: god gift: +2 executioner's axe of chaos
  5085 | D:6      | XOM: scenery: summon butterflies
  5132 | D:6      | XOM: scenery: summon butterflies
  5247 | D:6      | Noticed Blork the orc
  5253 | D:6      | Killed Blork the orc
  5319 | D:6      | XOM: god gift: 15 gold pieces
  5319 | D:6      | XOM: smoke on damage
  5321 | D:6      | Reached skill level 11 in Axes
  5434 | D:6      | XOM: scenery: create altars
  5440 | D:6      | Found Zexi Apaer's Firing Range.
  5801 | D:7      | Noticed Jeremiah
  5802 | D:7      | XOM: divination: detect items
  5803 | D:7      | XOM: cleaving
  5810 | D:7      | HP: 17/75 [orc priest/divine providence (10)]
  5821 | D:7      | HP: 4/77 [Jeremiah/divine providence (15)]
  5823 | D:7      | Killed from afar by Jeremiah

Vanquished Creatures
  A steam dragon (D:6)
  Menkaure (D:4)
  A water moccasin (D:7)
  2 orc warriors (D:6 D:7)
  2 sky beasts (D:4 D:6)
  An ice beast (D:6)
  An ogre (D:5)
  A kobold brigand (D:7)
  Blork the orc (D:6)
  2 hounds (D:4 D:5)
  An orc priest (D:6)
  2 jellies (D:4)
  A sleepcap (D:5)
  3 iguanas (D:5 D:6)
  5 orc wizards (D:3 D:4 D:5 D:6)
  Natasha (thrice) (D:2)
  4 gnolls (D:6)
  8 adders (D:2 D:3 D:4 D:5 D:6)
  2 white imps (D:6)
  2 worms (D:2 D:6)
  2 dart slugs (D:2 D:4)
  29 orcs (D:3 D:4 D:5 D:6 D:7)
  8 endoplasms (D:1 D:3 D:4 D:6)
  5 giant cockroaches (D:2 D:3)
  A goblin (D:2)
  5 hobgoblins (D:1 D:2 D:3 D:4)
  6 jackals (D:2)
  13 kobolds (D:1 D:2 D:3 D:4 D:7)
  4 quokkas (D:2 D:3)
  3 training dummies (D:6)
  9 ball pythons (D:1 D:2 D:4)
  4 bats (D:2 D:3)
  4 frilled lizards (D:1 D:2 D:3)
  6 rats (D:1 D:2)
143 creatures vanquished.

Vanquished Creatures (collateral kills)
  3 hounds (D:4)
  A worm (D:4)
  2 orcs (D:4)
  A rat (D:2)
7 creatures vanquished.

Grand Total: 150 creatures vanquished

Table legend: (Time is in decaauts)
 A = Elapsed time spent in this place.
 B = Non-inter-level travel time spent in this place.
 C = Inter-level travel time spent in this place.
 D = Time resting spent in this place.
 E = Time spent auto-exploring this place.
 F = Levels seen in this place.
 G = Mean time per level.
                   A        B        C        D        E       F      G
               +--------+--------+--------+--------+--------+-----+--------+
         Total |   5847 |   5465 |    382 |    251 |   3973 |   7 |  835.3 |
       Dungeon |   5847 |   5465 |    382 |    251 |   3973 |   7 |  835.3 |
               +--------+--------+--------+--------+--------+-----+--------+

Top non-repeatable levels by time:
     D:6: 1664 daAuts
     D:4: 1171 daAuts
     D:1: 854 daAuts
     D:5: 843 daAuts
     D:2: 804 daAuts
     D:3: 365 daAuts
     D:7: 144 daAuts

Table legend:
 A = Non-vault XP
 B = Vault XP
 C = Vault XP percentage of total XP
 D = Non-vault monster count
 E = Vault monster count
 F = Vault count percentage of total count
                 A         B        C        D         E       F
            +---------+---------+-------+---------+---------+-------
      Total |    2200 |     439 |  16.6 |     143 |       7 |   4.7
            +---------+---------+-------+---------+---------+-------
        D:1 |      24 |       0 |   0.0 |      15 |       0 |   0.0
        D:2 |     131 |      33 |  20.1 |      29 |       1 |   3.3
        D:3 |      97 |       0 |   0.0 |      21 |       0 |   0.0
        D:4 |     391 |     304 |  43.7 |      23 |       2 |   8.0
        D:5 |     331 |       0 |   0.0 |      11 |       0 |   0.0
        D:6 |     844 |     102 |  10.8 |      33 |       4 |  10.8
        D:7 |     382 |       0 |   0.0 |      11 |       0 |   0.0
            +---------+---------+-------+---------+---------+-------
